 Dungeon Sprint DCSS version 0.18.1-8-gdd0e5ea (webtiles) character file.

15183 Hipnos the Ninja (level 11, -4/56 (57) HPs)
             Began as a Spriggan Enchanter on May 21, 2016.
             Was the Champion of Jiyva.
             Succumbed to poison (dark miasma)
             ... in the Dungeon (Sprint I: "Red Sonja").
             The game lasted 00:13:13 (1008 turns).

Hipnos the Ninja (Spriggan Enchanter)               Turns: 1008, Time: 00:13:13

HP:   -4/56 (57)    AC:  6    Str:  5    XL:     11   Next: 98%
MP:   26/26         EV: 34    Int: 17    God:    Jiyva [******]
Gold: 222           SH: 11    Dex: 21    Spells: 4 memorised, 22 levels left

rFire  . . .     SeeInvis +     a - +1 dagger
rCold  + . .     Gourm    .     b - +1 robe
rNeg   . . .     Faith    .     i - +1 buckler {AC+3}
rPois  .         Spirit   .     (helmet restricted)
rElec  .         Dismiss  .     (no cloak)
rCorr  +         Reflect  +     (gloves unavailable)
SustAt .         Harm     .     (boots unavailable)
MR     ++...     NoTele   +     f - +2 amulet of reflection
Stlth  +++++.....               o - ring of protection from cold
                                n - ring of stealth

@: lethally poisoned (-4 -> -62), very slightly contaminated, non-regenerating,
diseased, hasted and slowed, very quick, very resistant to hostile enchantments,
quite stealthy
A: unfitting armour, talons 1, thin skeletal structure 1, see invisible,
herbivore 3, speed 3, magic resistance 1, robust 1, screaming 1, slow metabolism
2, eyeballs 1, translucent skin 1
a: Request Jelly, Jelly Paralyse, Slimify, Cure Bad Mutation, Renounce Religion
0: Orb of Zot


You were in the Dungeon.
You worshipped Jiyva.
Jiyva was exalted by your worship.
You were completely stuffed.

You visited 1 branch You collected 893 gold pieces.
You spent 671 gold pieces at shops.

Inventory:

Hand Weapons
 a - a +1 dagger (weapon)
Armour
 b - a +1 robe (worn)
 i - a +1 buckler of protection (worn)
Jewellery
 f - a +2 amulet of reflection (around neck)
 n - a ring of stealth (left hand)
 o - a ring of protection from cold (right hand)
Wands
 q - a wand of random effects (13/48)
Potions
 g - a potion of haste
 h - 2 potions of magic
 l - a potion of heal wounds
 p - a potion of degeneration
Books
 c - a book of Maledictions

   Spells                             Type                      Level
   a - Corona                         Hexes                        1
   b - Ensorcelled Hibernation        Hexes/Ice                    2
   c - Confuse                        Hexes                        3
   d - Tukima's Dance                 Hexes                        3
   e - Dazzling Spray                 Conjuration/Hexes            3
Comestibles
 d - a bread ration


   Skills:
 + Level 3.2 Fighting
 + Level 4.8 Short Blades
 + Level 16.4 Dodging
 O Level 27 Stealth
 + Level 4.0 Shields
 + Level 10.5 Spellcasting
 * Level 18.1 Hexes
 - Level 0.7 Ice Magic


You had 22 spell levels left.
You knew the following spells:

 Your Spells              Type           Power        Failure   Level  Hunger
a - Corona                Hex            ######.      0%          1    None
b - Ensorcelled Hibernat  Hex/Ice        #####.       1%          2    None
c - Confuse               Hex            ######..     1%          3    None
d - Dazzling Spray        Conj/Hex       #####...     1%          3    None


Dungeon Overview and Level Annotations

Branches:
Dungeon (1/1)

Altars:
Cheibriados
Dithmenos
Elyvilon
Fedhas
Gozag
Kikubaaqudgha
Makhleb
Nemelex Xobeh
Okawaru
Pakellas
Qazlal
Ru
Sif Muna
Trog
Vehumet
Xom
Yredelemnul
Zin
The Shining One
Jiyva

Shops:
D }([[[=[?!(!?**[*%:}[:

Annotations:
D Norris, Tiamat


Innate Abilities, Weirdness & Mutations

You are tiny and cannot use many weapons and most armour.
You have supernaturally acute eyesight.
You are a herbivore.
You cover ground extremely quickly.
You need consume almost no food.
You have sharp toenails.
You have a somewhat thin skeletal structure (Dex +2, Stealth).
You are resistant to hostile enchantments.
You are robust (+10% HP).
You occasionally shout uncontrollably at your foes.
Your body is partially covered in golden eyeballs (Acc +3).
Your skin is partially translucent (Stealth, -foe acc).


Message History

Drink which item? (? for menu, Esc to quit)
Okay, then.
Really walk into a travel-excluded area?
There is an open door here.
You are engulfed in dark miasma.
You are lethally poisoned!
You feel your flesh rotting away!
You feel ill.
You feel as though you will be slow longer.
* * * LOW HITPOINT WARNING * * *
x2 You feel sick.
Okay, then.
Put on which piece of jewellery? (? for menu, Esc to quit)
Okay, then.
You're standing in a cloud of foul pestilence!
Drink which item? (? for menu, Esc to quit)
You feel yourself speed up.
You are engulfed in dark miasma.
You are more poisoned.
* * * LOW HITPOINT WARNING * * *
You die...

..J.....J§####[)...)...###,,,,*≈≈
.J..G...§§##..)....#####,,,,****≈
......≈≈≈###....).##,,,,,,,,*,,*'
#..≈≈≈≈### #(.)..##,,,,,,,,,*,,,*
'######'####.....#,,,,,,,,,,*,,,,
########∩∩###########*,,,,,,*,,,,
∩∩∩∩∩∩∩∩∩###≈≈≈≈d≈≈≈.*,,,,,,*****
########## ###########§§§,,,+,,*,
#...§@§§§§§§§.,,,*,,+,
##############********


You could see Tiamat.

Vanquished Creatures
  4 fire giants (D)
  A hydra (D)
  A centaur warrior (D)
  Sonja (D)
  A deep troll (D)
  7 unseen horrors (D)
  A lindwurm (D)
  An oklob plant (D)
  A demonic crawler (D)
  2 kobold demonologists (D)
  A slime creature (D)
  Sigmund (D)
  2 redbacks (D)
  A yak (D)
  13 hogs (D)
  A wasp (D)
  A necrophage (D)
  An ogre (D)
  Ijyb (D)
42 creatures vanquished.

Vanquished Creatures (collateral kills)
  3 demonic crawlers (D)
3 creatures vanquished.

Vanquished Creatures (others)
  A centaur warrior (D)
  A siren (D)
  2 giant eyeballs (D)
  6 necrophages (D)
  13 jellies (D)
  3 ballistomycetes (D)
  2 giant spores (D)
28 creatures vanquished.

Grand Total: 73 creatures vanquished

Notes
Turn   | Place    | Note
--------------------------------------------------------------
     0 | D        | Hipnos the Spriggan Enchanter began the quest for the Orb.
     0 | D        | Reached XP level 1. HP: 9/9 MP: 5/5
     1 | D        | Noticed Ijyb
    11 | D        | Killed Ijyb
    11 | D        | Reached skill level 7 in Stealth
    11 | D        | Reached skill level 5 in Hexes
    11 | D        | Reached XP level 2. HP: 13/13 MP: 7/7
    52 | D        | Learned a level 2 spell: Ensorcelled Hibernation
    65 | D        | Noticed an ogre
   115 | D        | Killed an ogre
   115 | D        | Reached skill level 9 in Stealth
   115 | D        | Reached XP level 3. HP: 16/16 MP: 1/10
   115 | D        | Reached XP level 4. HP: 21/21 MP: 1/11
   204 | D        | Noticed Sigmund
   207 | D        | Killed Sigmund
   207 | D        | Reached skill level 5 in Dodging
   207 | D        | Reached skill level 12 in Stealth
   207 | D        | Reached skill level 5 in Spellcasting
   207 | D        | Reached skill level 10 in Hexes
   207 | D        | Reached XP level 5. HP: 24/24 MP: 12/14
   220 | D        | Found a snail-covered altar of Cheibriados.
   220 | D        | Found a viscous altar of Jiyva.
   220 | D        | Found a shadowy altar of Dithmenos.
   220 | D        | Found a blossoming altar of Fedhas.
   220 | D        | Noticed a slime creature
   237 | D        | Killed a slime creature
   237 | D        | Reached skill level 13 in Stealth
   237 | D        | Reached XP level 6. HP: 24/28 MP: 11/16
   243 | D        | Became a worshipper of Jiyva Jirch the Shapeless
   247 | D        | Found a deep blue altar of Sif Muna.
   249 | D        | Found a radiant altar of Vehumet.
   267 | D        | Reached * piety under Jiyva
   267 | D        | Reached ** piety under Jiyva
   274 | D        | Found Qerhifye's Armour Emporium.
   274 | D        | Found a white marble altar of Elyvilon.
   274 | D        | Found a stormy altar of Qazlal.
   274 | D        | Found a burning altar of Makhleb.
   274 | D        | Found a sacrificial altar of Ru.
   274 | D        | Found an oddly glowing altar of Pakellas.
   274 | D        | Found a basalt altar of Yredelemnul.
   274 | D        | Found a glowing golden altar of the Shining One.
   274 | D        | Found a sparkling altar of Nemelex Xobeh.
   274 | D        | Found a shimmering altar of Xom.
   274 | D        | Found an opulent altar of Gozag.
   274 | D        | Found an ancient bone altar of Kikubaaqudgha.
   274 | D        | Found a glowing silver altar of Zin.
   274 | D        | Noticed a yak
   275 | D        | Found an iron altar of Okawaru.
   276 | D        | Killed a yak
   276 | D        | Reached skill level 14 in Stealth
   276 | D        | Reached XP level 7. HP: 30/32 MP: 16/18
   276 | D        | Reached *** piety under Jiyva
   277 | D        | Found a bloodstained altar of Trog.
   280 | D        | Gained mutation: You are resistant to electric shocks. [Jiyva's grace]
   282 | D        | Bought a +0 buckler of protection for 161 gold pieces
   285 | D        | Reached **** piety under Jiyva
   291 | D        | Gained mutation: Armour fits poorly on your pseudopods. [Jiyva's grace]
   294 | D        | Reached ***** piety under Jiyva
   301 | D        | Gained mutation: You have a small jelly attached to you that may absorb incoming projectiles. [Jiyva's grace]
   306 | D        | Noticed a kobold demonologist
   307 | D        | Noticed a kobold demonologist
   309 | D        | Killed a kobold demonologist
   309 | D        | Reached skill level 15 in Stealth
   311 | D        | Killed a kobold demonologist
   311 | D        | Reached skill level 16 in Stealth
   311 | D        | Reached XP level 8. HP: 36/36 MP: 18/20
   311 | D        | Lost mutation: Armour fits poorly on your pseudopods. [Jiyva's grace]
   311 | D        | Reached ****** piety under Jiyva
   311 | D        | Gained mutation: You can translocate small distances at will. [Jiyva's grace]
   311 | D        | Lost mutation: You have a small jelly attached to you that may absorb incoming projectiles. [Jiyva's grace]
   314 | D        | Noticed a demonic crawler
   314 | D        | Noticed a demonic crawler
   314 | D        | Noticed a demonic crawler
   314 | D        | Noticed a demonic crawler
   317 | D        | Lost mutation: You can translocate small distances at will. [Jiyva's grace]
   319 | D        | Killed a demonic crawler
   319 | D        | Reached skill level 17 in Stealth
   321 | D        | Killed a demonic crawler
   324 | D        | Killed a demonic crawler
   324 | D        | Reached skill level 18 in Stealth
   325 | D        | Killed a demonic crawler
   328 | D        | Gained mutation: You are robust (+10% HP). [Jiyva's grace]
   331 | D        | Lost mutation: You are resistant to electric shocks. [Jiyva's grace]
   342 | D        | Noticed a lindwurm
   344 | D        | Killed a lindwurm
   344 | D        | Reached skill level 19 in Stealth
   344 | D        | Reached XP level 9. HP: 44/44 MP: 22/22
   354 | D        | Reached skill level 15 in Hexes
   356 | D        | Reached skill level 20 in Stealth
   368 | D        | Reached skill level 1 in Fighting
   370 | D        | Reached skill level 21 in Stealth
   382 | D        | Reached skill level 22 in Stealth
   460 | D        | Lost mutation: You are robust (+10% HP). [Jiyva's grace]
   464 | D        | Noticed a 12-headed hydra
   466 | D        | Killed a 12-headed hydra
   466 | D        | Reached skill level 23 in Stealth
   466 | D        | Reached XP level 10. HP: 46/46 MP: 24/24
   470 | D        | Gained mutation: Your flesh is cold resistant. [Jiyva's grace]
   474 | D        | Gained mutation: You have a small jelly attached to you that senses nearby items. [Jiyva's grace]
   481 | D        | Lost mutation: You have a small jelly attached to you that senses nearby items. [Jiyva's grace]
   488 | D        | Gained mutation: You are agile. (Dex +2) [Jiyva's grace]
   490 | D        | Noticed a gargoyle
   490 | D        | Gained mutation: You are partially covered in rugged brown scales (AC +1, +3% HP). [Jiyva's grace]
   493 | D        | Lost mutation: You are agile. (Dex +2) [Jiyva's grace]
   496 | D        | Gained mutation: Your rubbery body absorbs attacks (AC +1). [Jiyva's grace]
   501 | D        | Gained mutation: You are resistant to electric shocks. [Jiyva's grace]
   507 | D        | Noticed Sonja
   509 | D        | Gained mutation: You can translocate small distances at will. [Jiyva's grace]
   512 | D        | Killed Sonja
   512 | D        | Reached skill level 24 in Stealth
   516 | D        | Gained mutation: Your flesh is heat resistant. [Jiyva's grace]
   519 | D        | Lost mutation: Your rubbery body absorbs attacks (AC +1). [Jiyva's grace]
   522 | D        | Noticed a deep troll
   526 | D        | Killed a deep troll
   526 | D        | Lost mutation: You are partially covered in rugged brown scales (AC +1, +3% HP). [Jiyva's grace]
   531 | D        | Gained mutation: Your flesh is very heat resistant. [Jiyva's grace]
   533 | D        | Found Puulivvi's Armour Emporium.
   542 | D        | Gained mutation: Your skin is partially translucent (Stealth, -foe acc). [Jiyva's grace]
   547 | D        | Noticed a centaur warrior
   547 | D        | Noticed a centaur warrior
   549 | D        | Gained mutation: Your muscles are strong. (Str +2) [Jiyva's grace]
   559 | D        | Killed a centaur warrior
   560 | D        | Gained mutation: You have a small jelly attached to you that senses nearby items. [Jiyva's grace]
   564 | D        | Lost mutation: Your flesh is cold resistant. [Jiyva's grace]
   569 | D        | Killed a centaur warrior
   580 | D        | Reached skill level 25 in Stealth
   583 | D        | Lost mutation: Your muscles are strong. (Str +2) [Jiyva's grace]
   584 | D        | Lost mutation: You have a small jelly attached to you that senses nearby items. [Jiyva's grace]
   590 | D        | Noticed an oklob plant
   592 | D        | Killed an oklob plant
   609 | D        | Lost mutation: You can translocate small distances at will. [Jiyva's grace]
   621 | D        | Gained mutation: You occasionally shout uncontrollably at your foes. [Jiyva's grace]
   622 | D        | Noticed an unseen horror
   625 | D        | Found Susicw Muth's Magic Scroll Shoppe.
   625 | D        | Noticed an unseen horror
   626 | D        | Found Eduli's Book Boutique.
   626 | D        | Found Fudezioj's Armour Shop.
   626 | D        | Found Ifaoxiu's Gadget Emporium.
   628 | D        | Killed an unseen horror
   628 | D        | Reached skill level 26 in Stealth
   628 | D        | Reached skill level 10 in Spellcasting
   628 | D        | Gained mutation: Your rubbery body absorbs attacks (AC +1). [Jiyva's grace]
   631 | D        | Found Musibiom's Book Emporium.
   633 | D        | Lost mutation: Your rubbery body absorbs attacks (AC +1). [Jiyva's grace]
   633 | D        | Lost mutation: You are resistant to electric shocks. [Jiyva's grace]
   635 | D        | Lost mutation: Your flesh is very heat resistant. [Jiyva's grace]
   635 | D        | Gained mutation: You are robust (+10% HP). [Jiyva's grace]
   635 | D        | Gained mutation: You are resistant to hostile enchantments. [Jiyva's grace]
   636 | D        | Found Ufuhocw's Distillery.
   637 | D        | Killed an unseen horror
   637 | D        | Reached XP level 11. HP: 50/53 MP: 26/26
   650 | D        | Lost mutation: Your flesh is heat resistant. [Jiyva's grace]
   685 | D        | Found Jidis's Weapon Emporium.
   685 | D        | Found Nebigh's Distillery.
   685 | D        | Found Kuufonoj's Magic Scroll Shoppe.
   685 | D        | Found Fuliazia's General Store.
   685 | D        | Found Lasuurem's Assorted Antiques.
   685 | D        | Found Pev Kot's Antique Armour Shop.
   685 | D        | Found Feut Gimmatt's General Store.
   689 | D        | Found Benokh's Food Boutique.
   742 | D        | Found Unlaor's Gadget Boutique.
   752 | D        | Noticed a shining eye
   752 | D        | Noticed a shining eye
   752 | D        | Noticed a shining eye
   752 | D        | Noticed a shining eye
   752 | D        | Noticed a shining eye
   752 | D        | Noticed a shining eye
   754 | D        | Noticed a shining eye
   754 | D        | Noticed a shining eye
   762 | D        | Found Puept's Antique Armour Shop.
   762 | D        | Found Busair's Antique Weapon Shoppe.
   762 | D        | Found Zabraghae's Jewellery Boutique.
   762 | D        | Found Kofoal's Armour Emporium.
   781 | D        | Gained mutation: You have sharp toenails. [Jiyva's grace]
   787 | D        | Gained mutation: You have a somewhat thin skeletal structure (Dex +2, Stealth). [Jiyva's grace]
   788 | D        | Bought an uncursed ring of stealth for 210 gold pieces
   788 | D        | Bought an uncursed ring of protection from cold for 300 gold pieces
   854 | D        | Learned a level 3 spell: Confuse
   858 | D        | Learned a level 3 spell: Dazzling Spray
   889 | D        | Gained mutation: Your body is partially covered in golden eyeballs (Acc +3). [Jiyva's grace]
   891 | D        | Noticed Norris
   917 | D        | Noticed a daeva
   921 | D        | Noticed an unseen horror
   921 | D        | Noticed an unseen horror
   921 | D        | Noticed an unseen horror
   921 | D        | Noticed an unseen horror
   923 | D        | Killed an unseen horror
   923 | D        | Reached skill level 10 in Dodging
   924 | D        | Noticed an unseen horror
   925 | D        | Killed an unseen horror
   925 | D        | Reached skill level 1 in Shields
   926 | D        | Killed an unseen horror
   926 | D        | Reached skill level 27 in Stealth
   928 | D        | Killed an unseen horror
   933 | D        | Killed an unseen horror
   938 | D        | Noticed a fire giant
   941 | D        | Noticed a fire giant
   942 | D        | Noticed a fire giant
   943 | D        | Noticed a fire giant
   945 | D        | Killed a fire giant
   949 | D        | Killed a fire giant
   951 | D        | Killed a fire giant
   951 | D        | Reached skill level 15 in Dodging
   953 | D        | Killed a fire giant
   980 | D        | Noticed Tiamat
   992 | D        | Got the Orb of Zot
  1008 | D        | HP: 2/56 [something (12)]
  1008 | D        | Succumbed to poison (dark miasma)

Skill      XL: |  1  2  3  4  5  6  7  8  9 10 11 |
---------------+----------------------------------+-----
Stealth        | 7 9 12 13 14 16 19 23 26 27 | 27.0
Spellcasting   | 3 4 5 6 7 8 9 10 | 10.5
Hexes          | 5 8 10 11 12 13 14 15 16 18 | 18.1
Dodging        | 4 5 6 7 8 9 16 | 16.4
Short Blades   | 2 4 |  4.8
Fighting       | 1 2 3 |  3.2
Shields        | 4 |  4.0
Ice Magic      | |  0.7

Action                   |  1- 3 |  4- 6 |  7- 9 | 10-12 || total
-------------------------+-------+-------+-------+-------++-------
Melee: Dagger            |     8 |     7 |    19 |    76 ||   110
       Kick              |       |       |       |     2 ||     2
 Cast: Ensorcelled Hiber |     5 |     2 |     6 |     3 ||    16
  Use: Potion            |     1 |     1 |       |     3 ||     5
       Scroll            |       |       |       |     5 ||     5
 Stab: Sleeping          |     1 |     4 |    17 |    15 ||    37
       Distracted        |       |       |     1 |     1 ||     2
       Paralysed         |       |       |       |     1 ||     1
       Confused          |       |       |       |     1 ||     1
Armor: Robe              |     1 |       |       |     7 ||     8
Dodge: Dodged            |     6 |     1 |     8 |    76 ||    91
Block: Buckler           |       |       |     1 |    27 ||    28
       Reflection        |       |       |       |     1 ||     1
